 Dungeon Crawl Stone Soup version 0.30-a0-1160-g6e42c06551 (webtiles) character file.

Game seed: 15898182832962423877

140 qeuew the Vexing (level 5, -1/38 HPs)
             Began as a Formicid Hexslinger on Apr 25, 2023.
             Slain by an orc
             ... wielding a +0 short sword
              (5 damage)
             ... on level 3 of the Dungeon.
             The game lasted 00:02:54 (2210 turns).

qeuew the Vexing (Formicid Hexslinger)              Turns: 2210, Time: 00:02:55

Health: -1/38      AC:  2    Str: 15    XL:     5   Next: 46%
Magic:  17/18      EV: 12    Int: 20    God:
Gold:   189        SH:  0    Dex: 14    Spells: 5/9 levels left

rFire   . . .        a - +1 sling
rCold   . . .        (no shield)
rNeg    . . .        c - +0 robe
rPois   .            (helmet unavailable)
rElec   .            (no cloak)
rCorr   .            (no gloves)
SInv    +            (no boots)
Will    .....        (no amulet)
Stlth   +            b - ring of magical power
HPRegen 0.26/turn    d - +6 ring of intelligence
MPRegen 0.16/turn

%: no passive effects
@: no status effects
A: permanent stasis, dig shafts and tunnels, antennae 3, four strong arms
a: Dig, Shaft Self


You were on level 3 of the Dungeon.
You visited 1 branch of the dungeon, and saw 3 of its levels.

You collected 189 gold pieces.

Inventory:

Hand Weapons
 a - a +1 sling (weapon)
Armour
 c - a +0 robe (worn)
Jewellery
 b - a ring of magical power (left hand)
 d - a +6 ring of intelligence (right hand)
Scrolls
 e - a scroll of brand weapon {unknown}
 g - a scroll of blinking {unknown}
 h - 2 scrolls of identify
Potions
 f - a potion of flight


   Skills:
 + Level 2.0 Fighting
 * Level 3.1 Ranged Weapons
 + Level 1.4 Armour
 + Level 2.3 Dodging
 * Level 2.7 Spellcasting
 + Level 4.0 Hexes


You had 5 spell levels left.
You knew the following spells:

 Your Spells              Type           Power      Damage    Failure   Level
a - Slow                  Hex            76%        N/A       2%          1
b - Portal Projectile     Hex/Tloc       20%        N/A       19%         3

Your spell library contained the following spells:

 Spells                   Type           Power      Damage    Failure   Level
 Confusing Touch          Hex            19%        N/A       9%          3
 Kiss of Death            Conj/Necr      8%         2d6       14%         1
 Magic Dart               Conj           8%         1d3       14%         1
 Inner Flame              Hex/Fire       10%        N/A       19%         3
 Call Imp                 Summ           4%         N/A       22%         2
 Cause Fear               Hex            9%         N/A       26%         4
 Mephitic Cloud           Conj/Pois/Air  2%         N/A       41%         3
 Dispel Undead            Necr           2%         3d7       82%         4


Dungeon Overview and Level Annotations

Branches:
Dungeon (3/15)

Altars:
Dithmenos
Ru

Shops:
D:3 :


Innate Abilities, Weirdness & Mutations

You cannot be hasted, slowed, berserked, paralysed or teleported.
You can dig through walls and to a lower floor.
You have a pair of large antennae on your head. (SInv)
Your four strong arms can wield two-handed weapons with a shield.


Message History

You are too injured to fight recklessly!
There are monsters nearby!
Aiming: Slow (safe; 3% risk of failure)
Press: ? - help, Q - select action, (/) - cycle Shift-Dir - straight line, f/p - orc
Aim: an orc, wielding a +0 short sword and wearing a +0 ring mail (chance to affect: 68%)
Okay, then.
You shoot a sling bullet. The sling bullet hits the orc!
The orc is almost dead.
The orc barely misses you. The orc completely misses you.
You shoot a sling bullet. The sling bullet hits the orc!
You kill the orc!
The orc priest mumbles some strange prayers to Beogh against you.
Pain shoots through your body!
* * * LOW HITPOINT WARNING * * *
The orc barely misses you. The orc hits you but does no damage.
Unknown command.
You shoot a sling bullet. The sling bullet hits the orc priest.
The orc priest is almost dead.
The orc closely misses you. The orc priest misses you.
The orc closely misses you.
Unknown command.
You shoot a sling bullet. The sling bullet hits the orc priest.
You kill the orc priest!
The orc closely misses you. The orc hits you with a +0 short sword.
* * * LOW HITPOINT WARNING * * *
Your Fighting skill increases to level 2!
Unknown command.
You shoot a sling bullet.
The sling bullet hits the orc but does no damage.
The orc hits you with a +0 short sword.
* * * LOW HITPOINT WARNING * * *
The orc hits you with a +0 short sword.
* * * LOW HITPOINT WARNING * * *
Okay, then.
You shoot a sling bullet. The sling bullet hits the orc.
The orc is lightly wounded.
The orc closely misses you. The orc hits you with a +0 short sword.
* * * LOW HITPOINT WARNING * * *
The orc hits you with a +0 short sword.
You die...

#.# ################## #....
#.# #................#
#####.### #.#
#.##############.# #.....# #
##.###.###########.##.###.#####
# ......................>.#.#
#####
.#.###.....#######.###....#
#.... ...# #####.# #.# #..###
#.### .[.# #################
#.# .### #.......@)....). #.#
....# ####...#.oo#...#.. { #.#
.##.###................. { #.#
.# ##...#...#...#...#.. { #.#
....##...(.............. #.#
######...############### #.#
...........# #.### ######.....#
#.... #.....# #####


You could see 2 orcs.

Vanquished Creatures
  An orc priest (D:3)
  3 adders (D:2)
  A worm (D:2)
  2 dart slugs
  3 orcs (D:3)
  6 ball pythons
  An endoplasm (D:3)
  7 giant cockroaches
  7 goblins
  8 hobgoblins
  3 jackals (D:3)
  9 kobolds
  2 quokkas
  2 bats
  5 frilled lizards
  8 rats
68 creatures vanquished.

Vanquished Creatures (others)
  A fungus (D:1)
1 creature vanquished.

Grand Total: 69 creatures vanquished

Notes
Turn   | Place    | Note
-------+----------+-------------------------------------------
     0 | D:1      | qeuew the Formicid Hexslinger began the quest for the Orb.
     0 | D:1      | Reached XP level 1. HP: 15/15 MP: 2/2
    53 | D:1      | Reached XP level 2. HP: 21/21 MP: 4/4
   375 | D:1      | Reached XP level 3. HP: 26/26 MP: 5/5
   412 | D:1      | Found a faded altar of an unknown god.
   939 | D:2      | Reached skill level 1 in Armour
   939 | D:2      | Reached XP level 4. HP: 13/32 MP: 7/7
   992 | D:2      | Learned a level 3 spell: Portal Projectile
  1310 | D:2      | You fall into a shaft and drop 1 floor!
  1398 | D:2      | Reached skill level 4 in Hexes
  1931 | D:3      | Found Ifunwyuk's Book Boutique.
  1935 | D:3      | Reached XP level 5. HP: 38/38 MP: 8/8
  1943 | D:3      | Found a shadowy altar of Dithmenos.
  2065 | D:3      | Found a sacrificial altar of Ru.
  2210 | D:3      | Slain by an orc

Illustrated notes

Levels and vault maps discovered:
D:1:      evilmike_arrival_hilbert_curve, layout_basic,
          shapermc_ecumenical_altar_mp_ritualfount
D:2:      layout_loops_cross
D:3:      layout_basic, mainiacjoe_overflow_brackets,
          lemuel_coloured_pillars_altar, general_overflow_altar, serial_shops,
          shop

Skill      XL: |  1  2  3  4  5 |
---------------+----------------+-----
Dodging        | 2 |  2.3
Spellcasting   | 2 |  2.7
Armour         | 1 |  1.4
Hexes          | 4 |  4.0
Ranged Weapons | 3 |  3.1
Fighting       | 2 |  2.0

Action                     |  1- 3 |  4- 6 || total
---------------------------+-------+-------++-------
   Fire: Sling             |    96 |    99 ||   195
   Cast: Slow              |     1 |       ||     1
    Use: Scroll            |     2 |     2 ||     4
         Potion            |       |     2 ||     2
 Armour: Robe              |    14 |     8 ||    22
  Dodge: Dodged            |    59 |    24 ||    83

Table legend: (Time is in decaauts)
 A = Elapsed time spent in this place.
 B = Non-inter-level travel time spent in this place.
 C = Inter-level travel time spent in this place.
 D = Time resting spent in this place.
 E = Time spent auto-exploring this place.
 F = Levels seen in this place.
 G = Mean time per level.
                   A        B        C        D        E       F      G
               +--------+--------+--------+--------+--------+-----+--------+
         Total |   2262 |   2187 |     75 |      0 |   1760 |   3 |  754.0 |
       Dungeon |   2262 |   2187 |     75 |      0 |   1760 |   3 |  754.0 |
               +--------+--------+--------+--------+--------+-----+--------+

Top non-repeatable levels by time:
     D:2: 924 daAuts
     D:1: 785 daAuts
     D:3: 552 daAuts
